 Dungeon Crawl Stone Soup version 0.21-a0-460-g737a915 (webtiles) character file.

695 Laiders the Changer (level 7, 0/52 HPs)
             Began as a Yellow Draconian Transmuter on Nov 20, 2017.
             Was an Initiate of Ru.
             Slain by soepske's ghost (7 damage)
             ... on level 6 of the Dungeon.
             The game lasted 00:18:07 (7544 turns).

Laiders the Changer (Yellow Draconian Transmuter)   Turns: 7544, Time: 00:18:08

Health: 0/52       AC:  9    Str: 12      XL:     7   Next: 37%
Magic:  9/12       EV: 13    Int: 16      God:    Ru [......]
Gold:   365        SH:  0    Dex: 13 (14) Spells: 3/13 levels left

rFire    + . .     SeeInvis .     - Unarmed
rCold    . . .     Gourm    .   (no shield)
rNeg     . . .     Faith    .   (armour unavailable)
rPois    .         Spirit   .   (helmet restricted)
rElec    .         Reflect  .   (no cloak)
rCorr    +         Harm     .   o - +2 pair of gloves
MR       .....                  (no boots)
Stlth    +.........             (no amulet)
HPRegen  0.17/turn              t - +3 ring of dexterity
MPRegen  0.13/turn              q - ring of protection from fire

@: no status effects
A: spit acid, acid resistance, unfitting armour, cold-blooded, AC +6
a: Breathe Acid, Renounce Religion


You were on level 6 of the Dungeon.
You worshipped Ru.
Ru was noncommittal.
You were not hungry.

You visited 2 branches of the dungeon, and saw 7 of its levels.

You collected 365 gold pieces.

Inventory:

Missiles
 a - 25 arrows
Armour
 o - a +2 pair of gloves (worn)
Jewellery
 q - a ring of protection from fire (right hand)
 t - a +3 ring of dexterity (left hand)
Wands
 i - a wand of lightning (6)
Scrolls
 d - 2 scrolls of identify
 e - a scroll of noise {unknown}
 j - 2 scrolls of fear
 l - 2 scrolls of magic mapping {unknown}
 n - a scroll of fog {unknown}
 p - a scroll of enchant armour
 r - a scroll of teleportation
 v - a scroll of remove curse
Potions
 f - a potion of haste {unknown}
 g - 2 potions of curing
 h - 2 potions of brilliance
 m - a potion of agility
 s - a potion of flight
 u - a potion of heal wounds {unknown}
 w - a potion of lignification {unknown}
 x - a potion of invisibility {unknown}
Books
 b - a book of Changes

   Spells                             Type                      Level
   a - Beastly Appendage              Transmutation                1
   b - Sticks to Snakes               Transmutation                2
   c - Spider Form                    Transmutation/Poison         3
   d - Ice Form                       Ice/Transmutation            4
   e - Blade Hands                    Transmutation                5
Comestibles
 c - 3 bread rations
 k - 2 meat rations
 z - 5 chunks of flesh


   Skills:
 - Level 1.1 Fighting
 + Level 3.6 Dodging
 + Level 4.5 Unarmed Combat
 + Level 3.6 Spellcasting
 + Level 5.4 Transmutations
 + Level 1.0 Poison Magic


You had 3 spell levels left.
You knew the following spells:

 Your Spells              Type           Power        Failure   Level  Hunger
a - Beastly Appendage     Tmut           ###...       1%          1    None
b - Sticks to Snakes      Tmut           ###.....     2%          2    ##.....
c - Spider Form           Tmut/Pois      ##........   14%         3    ###....
d - Ice Form              Ice/Tmut       ##......     50%         4    ####...


Dungeon Overview and Level Annotations

Branches:
Dungeon (6/15)             Temple (1/1) D:5

Altars:
Ashenzari
Cheibriados
Elyvilon
Gozag
Hepliaklqana
Kikubaaqudgha
Nemelex Xobeh
Qazlal
Ru
Sif Muna
Trog
Uskayaw
Vehumet
Wu Jian
Xom
Yredelemnul
Zin

Annotations:
D:6 soepske's ghost, novice GnWn


Innate Abilities, Weirdness & Mutations

You can spit globs of acid.
You are resistant to acid.
Your golden yellow scales are hard. (AC +6)
You cannot fit into any form of body armour.
You are cold-blooded and may be slowed by cold attacks.


Message History

The adder skeleton completely misses you.
Soepske's ghost hits you!
* * * LOW HITPOINT WARNING * * *
The adder skeleton bites you.
* * * LOW HITPOINT WARNING * * *
Soepske's ghost misses you.
Okay, then.
Okay, then.
Soepske's ghost is no longer covered in acid.
As you read the scroll of remove curse, it crumbles to dust.
You feel as if something is helping you.
Your transformation has ended.
Your +2 pair of gloves unmelds from your body.
Soepske's ghost hits you but does no damage.
You have got your breath back.
Soepske's ghost whispers, "There is no future for you."
Your magical contamination has completely faded away.
There is a stone staircase leading down here.
Soepske's ghost hits you!
You die...

#.# #.# #.# #.#
#.# ########.#
###........#######
..............ZW@#
###.##.#########.#
#.# #.# . #.# #.#
. #.# #.# .. #.#
#.# .. #.# #.# ...
#.# #.#
...###.##### #.#


You could see soepske's ghost and an adder skeleton.

Vanquished Creatures
  A phantom (D:4)
  2 scorpions
  A bullfrog zombie (D:5)
  A quasit (D:5)
  2 hounds (D:4)
  An orc priest (D:5)
  An orc wizard (D:5)
  Terence (D:3)
  A worker ant (D:5)
  7 gnolls
  4 adders
  An ooze (D:4)
  2 worms
  3 dart slugs
  A leopard gecko (D:1)
  11 orcs
  6 giant cockroaches
  7 hobgoblins
  5 kobolds
  3 quokkas
  A ball python (D:1)
  5 bats
  4 frilled lizards
  2 goblins
  5 rats
78 creatures vanquished.

Vanquished Creatures (collateral kills)
  An ice beast (D:5)
  An orc wizard (D:5)
  A dart slug (D:4)
3 creatures vanquished.

Grand Total: 81 creatures vanquished

Notes
Turn   | Place    | Note
-------+----------+-------------------------------------------
     0 | D:1      | Laiders the Draconian Transmuter began the quest for the Orb.
     0 | D:1      | Reached XP level 1. HP: 16/16 MP: 3/3
   305 | D:1      | Reached XP level 2. HP: 23/23 MP: 3/5
   401 | D:1      | Reached skill level 3 in Transmutations
   518 | D:1      | Found an ancient bone altar of Kikubaaqudgha.
  1101 | D:1      | Learned a level 2 spell: Sticks to Snakes
  1469 | D:2      | Reached XP level 3. HP: 23/28 MP: 4/6
  1539 | D:2      | Reached skill level 4 in Transmutations
  1754 | D:2      | Reached XP level 4. HP: 35/35 MP: 7/7
  1837 | D:2      | Found a basalt altar of Yredelemnul.
  2351 | D:3      | Learned a level 3 spell: Spider Form
  2540 | D:3      | Noticed Terence
  2552 | D:3      | Killed Terence
  3448 | D:4      | Noticed a phantom
  3508 | D:4      | Killed a phantom
  3508 | D:4      | Reached XP level 5. HP: 17/40 MP: 5/9
  3711 | D:4      | Found a shattered altar of Ashenzari.
  4041 | D:4      | Reached XP level 6. HP: 22/47 MP: 10/10
  4573 | D:4      | Found a glowing silver altar of Zin.
  4967 | D:5      | Entered Level 5 of the Dungeon
  4980 | D:5      | Noticed an ice beast
  5012 | D:5      | Killed an ice beast
  5012 | D:5      | Reached skill level 5 in Transmutations
  5868 | D:5      | Your scales start taking on a golden yellow colour.
  5868 | D:5      | Reached XP level 7. HP: 24/52 MP: 8/12
  6167 | D:5      | Learned a level 4 spell: Ice Form
  6178 | D:5      | Found a snail-covered altar of Cheibriados.
  6305 | D:5      | Found an ornate altar of the Wu Jian Council.
  6503 | D:5      | Found a staircase to the Ecumenical Temple.
  6513 | Temple   | Entered the Ecumenical Temple
  7100 | Temple   | Became a worshipper of Ru the Awakened
  7412 | D:5      | Reached skill level 1 in Poison Magic
  7514 | D:6      | Noticed soepske's ghost (novice GnWn)
  7544 | D:6      | Slain by soepske's ghost

Vault maps used:
D:1:      elethiomel_arrival_maze, kennysheep_flooded_box,
          minmay_strange_pillars
D:2:      yredelemnul_altar_generic, minmay_statues_item
D:3:      kennysheep_minor_cross, kennysheep_generic_room_7, uniq_terence
D:4:      lemuel_crystal_altar, lemuel_crystal_altar, first_bread,
          eino_small_chamber_without_monster
D:5:      overflow_temple_1_default, nicolae_overflow_crystal_walls,
          minmay_temple_entry_nine_rooms
D:6:      lemuel_round_altar
Temple:   minmay_temple_forest_path

Skill      XL: |  1  2  3  4  5  6  7 |
---------------+----------------------+-----
Transmutations | 3 4 5 |  5.4
Dodging        | 2 3 |  3.6
Spellcasting   | 3 |  3.6
Unarmed Combat | 4 |  4.5
Poison Magic   | 1 |  1.0
Fighting       | |  1.1

Action                   |  1- 3 |  4- 6 |  7- 9 || total
-------------------------+-------+-------+-------++-------
Melee: Short sword       |   104 |    18 |       ||   122
       Unarmed           |     6 |    92 |    67 ||   165
       Tailslap          |     8 |    20 |     5 ||    33
       Kick              |     3 |     3 |       ||     6
       Headbutt          |     2 |       |       ||     2
       Punch             |     1 |     2 |     1 ||     4
       Staff             |       |   121 |       ||   121
 Cast: Beastly Appendage |     6 |     2 |       ||     8
       Spider Form       |       |    11 |     4 ||    15
       Sticks to Snakes  |       |     3 |     3 ||     6
 Abil: Breathe Acid      |       |       |     1 ||     1
  Use: Scroll            |     6 |     4 |     1 ||    11
       Potion            |       |     3 |     2 ||     5
 Stab: Sleeping          |       |     1 |       ||     1
  Eat: Chunk             |     3 |    10 |     1 ||    14
       Bread ration      |       |     1 |       ||     1
       Meat ration       |       |       |     1 ||     1
Armor: Skin              |    28 |    58 |    25 ||   111
Dodge: Dodged            |    93 |   176 |    79 ||   348

Table legend:
 A = Spawn XP
 B = Non-spawn XP
 C = Spawn XP percentage of total XP
 D = Spawn monster count
 E = Non-spawn monster count
 F = Spawn count percentage of total count
 G = Total turns spent on level
                    A         B        C        D         E        F      G
               +---------+---------+-------+---------+---------+-------+---------
         Total |       0 |     994 |   0.0 |       0 |      81 |   0.0 |  7544
               +---------+---------+-------+---------+---------+-------+---------
           D:1 |       0 |      27 |   0.0 |       0 |      15 |   0.0 |  1115
           D:2 |       0 |      89 |   0.0 |       0 |      22 |   0.0 |  1123
           D:3 |       0 |      58 |   0.0 |       0 |      11 |   0.0 |  1193
           D:4 |       0 |     335 |   0.0 |       0 |      13 |   0.0 |  1567
           D:5 |       0 |     485 |   0.0 |       0 |      20 |   0.0 |  2044
               +---------+---------+-------+---------+---------+-------+---------
